 Dungeon Crawl Stone Soup version 0.22-a0-159-g7ce444f (webtiles) character file.

7 4thArraOfDagon the Ducker (level 1, -1/10 HPs)
             Began as a Felid Abyssal Knight on Feb 9, 2018.
             Was a Follower of Lugonu.
             Slain by a hobgoblin
             ... wielding a cursed -1 club
              (2 damage)
             ... on level 1 of the Dungeon.
             The game lasted 00:01:40 (354 turns).

4thArraOfDagon the Ducker (Felid Abyssal Knight)     Turns: 354, Time: 00:01:41

Health: -1/10      AC:  1    Str:  8    XL:     1   Next: 91%
Magic:  3/3        EV: 18    Int: 18    God:    Lugonu [*.....]
Gold:   66         SH:  0    Dex: 15    Spells: 0/0 levels left
                                        Lives:  0   Deaths: 0

rFire    . . .     SeeInvis +     - Unarmed
rCold    . . .     Gourm    .   (shield unavailable)
rNeg     . . .     Faith    .   (armour unavailable)
rPois    .         Spirit   .   (helmet unavailable)
rElec    .         Reflect  .   (cloak unavailable)
rCorr    .         Harm     .   (gloves unavailable)
MR       .....                  (boots unavailable)
Stlth    ++........             (no amulet)
HPRegen  0.03/turn              (no ring)
MPRegen  0.08/turn              (no ring)

@: brilliant, quick
A: very small, no armour, no weapons or thrown items, stealth, claws 1, fangs 3,
see invisible, carnivore, speed 1, shaggy fur 1, slow metabolism 1, sharp paws
a: Depart the Abyss, Renounce Religion


You were on level 1 of the Dungeon.
You worshipped Lugonu.
Lugonu was aware of your devotion.
You were full.

You visited 1 branch of the dungeon, and saw 2 of its levels.
You visited the Abyss 1 time.

You collected 66 gold pieces.

Inventory:

Scrolls
 e - a scroll of immolation {unknown}
 h - a scroll of fear {unknown}
Potions
 c - a potion of heal wounds {unknown}
 f - a potion of agility {unknown}
 g - a potion of berserk rage {unknown}
Books
 b - a book of Burglary

   Spells                             Type                      Level
   a - Swiftness                      Charms/Air                   2
   b - Passwall                       Transmutation/Earth          2
   c - Passage of Golubria            Translocation                4
   d - Lee's Rapid Deconstruction     Earth                        5
   e - Darkness                       Hexes                        6
   f - Invisibility                   Hexes                        6
Comestibles
 a - 2 rations


   Skills:
 - Level 3.0 Fighting
 + Level 3.3 Dodging
 * Level 1.3 Stealth
 * Level 2.2 Unarmed Combat
 + Level 1.9 Invocations


You couldn't memorise any spells.
You didn't know any spells.

Dungeon Overview and Level Annotations

Branches:
Dungeon (2/15)

Altars:


Innate Abilities, Weirdness & Mutations

You cannot wear armour.
You are incapable of wielding weapons or throwing items.
Your paws allow you to move quietly. (Stealth)
You have sharp claws.
You have razor-sharp teeth.
You have supernaturally acute eyesight. (SInv)
You are carnivorous and can eat meat at any time.
You cover ground quickly.
You are covered in fur. (AC +1)
You have a slow metabolism.
Your sharp claws are effective at attacking unaware monsters.


Message History

Unknown command.
The kobold shouts!
It was a potion of brilliance.
You feel clever all of a sudden.
You scratch the kobold.
You kill the kobold!
Lugonu accepts your kill.
You see here a club.
Okay, then.
A hobgoblin comes into view. It is wielding a club.
A frilled lizard comes into view.
Found a bubbling dark potion.
The frilled lizard hisses angrily.
The hobgoblin shouts!
The frilled lizard misses you.
Unknown command.
You closely miss the frilled lizard. The frilled lizard closely misses you.
You barely miss the frilled lizard. The frilled lizard bites you.
* * * LOW HITPOINT WARNING * * *
The hobgoblin hits you with a club.
You die...

## ######## . .......# .#
######.# #####.##
#.#.######......#
#.#......#l@g# .#
#.######.###.##...#.
#...................
#############.##.###.#...
............#........#
.......####.#.#.........
...>...# #.############
...))..####.......#
.......#.......##.#


You could see a hobgoblin and a frilled lizard.

Vanquished Creatures
  A bat (D:1)
  A goblin (D:1)
  A frilled lizard (D:1)
  4 kobolds (D:1)
  A rat (D:1)
8 creatures vanquished.

Vanquished Creatures (others)
  2 starspawn tentacles (Abyss:2)
2 creatures vanquished.

Grand Total: 10 creatures vanquished

Notes
Turn   | Place    | Note
-------+----------+-------------------------------------------
     0 | Abyss:1  | 4thArraOfDagon the Felid Abyssal Knight began the quest for the Orb.
     0 | Abyss:1  | Reached XP level 1. HP: 10/10 MP: 3/3
     1 | Abyss:1  | Found a corrupted altar of Lugonu.
    46 | Abyss:1  | Noticed a large abomination
    69 | Abyss:1  | Noticed a small abomination
   117 | Abyss:2  | Noticed a ynoxinul
   124 | Abyss:2  | Noticed a tentacled starspawn
   132 | D:1      | Escaped the Abyss
   228 | D:1      | Reached skill level 1 in Stealth
   265 | D:1      | Reached * piety under Lugonu
   354 | D:1      | Slain by a hobgoblin

Vault maps used:
D:1:      dpeg_arrival_radiant
D:2:      first_ration

Skill      XL: |  1 |
---------------+----+-----
Stealth        | 1 |  1.3
Fighting       | |  3.0
Dodging        | |  3.3
Unarmed Combat | |  2.2
Invocations    | |  1.9

Action                   || total
-------------------------++-------
Melee: Unarmed           ||    19
       Bite              ||     2
Invok: Depart the Abyss  ||     1
  Use: Potion            ||     1
 Stab: Sleeping          ||     2
  Eat: Chunk             ||     2
Armor: Skin              ||     1
Dodge: Dodged            ||    14

Table legend:
 A = Spawn XP
 B = Non-spawn XP
 C = Spawn XP percentage of total XP
 D = Spawn monster count
 E = Non-spawn monster count
 F = Spawn count percentage of total count
 G = Total turns spent on level
                    A         B        C        D         E        F      G
               +---------+---------+-------+---------+---------+-------+---------
         Total |       0 |      11 |   0.0 |       0 |       8 |   0.0 |   354
               +---------+---------+-------+---------+---------+-------+---------
           D:1 |       0 |      11 |   0.0 |       0 |       8 |   0.0 |   212
               +---------+---------+-------+---------+---------+-------+---------
